 Dungeon Crawl Stone Soup version 0.30-b1-2-g02819fbbbe (webtiles) character file.

Game seed: 15325113173659683791

10299 Dirian the Cleaver (level 11, -5/97 HPs)
             Began as a Minotaur Berserker on May 19, 2023.
             Was a High Priest of Trog.
             Slain by a yak (7 damage)
             ... on level 10 of the Dungeon.
             The game lasted 00:11:20 (7982 turns).

Dirian the Cleaver (Minotaur Berserker)             Turns: 7982, Time: 00:11:21

Health: -5/97      AC: 10    Str: 26    XL:     11   Next: 34%
Magic:  10/10      EV: 16    Int:  4    God:    Trog [*****.]
Gold:   506        SH:  5    Dex: 10    Spells: 10/10 levels left

rFire   . . .        a - +0 war axe (spect)
rCold   + . .        (no shield)
rNeg    . . .        c - +4 scale mail {rC+}
rPois   .            (helmet restricted)
rElec   .            e - +0 cloak
rCorr   .            (no gloves)
SInv    .            (no boots)
Will    .....        k - amulet of reflection Stlth
                     G - +5 ring of evasion
HPRegen 0.36/turn    (no ring)
MPRegen 0.12/turn

%: reflection
@: corroded, on berserk cooldown, slowed, very slow
A: horns 2, retaliatory headbutt
a: Renounce Religion, Berserk, Trog's Hand, Brothers in Arms


You were on level 10 of the Dungeon.
You worshipped Trog.
Trog was extremely pleased with you.
You visited 1 branch of the dungeon, and saw 10 of its levels.

You collected 630 gold pieces.
You spent 124 gold pieces at shops.

Inventory:

Hand Weapons
 a - a +0 spectral war axe (weapon)
 b - a +0 morningstar
 x - a +0 broad axe
Missiles
 s - a throwing net (quivered)
Armour
 c - a +4 scale mail of cold resistance (worn)
 e - a +0 cloak (worn)
Jewellery
 k - an amulet of reflection (around neck)
 G - a +5 ring of evasion (left hand)
Wands
 h - a wand of iceblast (16)
 n - a wand of mindburst (18)
 A - a wand of flame (16)
Scrolls
 i - a scroll of poison
 l - 4 scrolls of fear
 r - 2 scrolls of identify
 t - 7 scrolls of teleportation
 y - a scroll of fog
 z - a scroll of blinking
 C - a scroll of enchant armour
 D - 3 scrolls of magic mapping {unknown}
 E - a scroll of butterflies
 F - a scroll of amnesia {unknown}
Potions
 d - 3 potions of might
 f - a potion of attraction
 g - 3 potions of lignification
 j - 2 potions of flight {unknown}
 m - a potion of magic {unknown}
 o - 2 potions of mutation {unknown}
 p - a potion of haste {unknown}
 q - 10 potions of curing
 u - 4 potions of cancellation {unknown}
 v - a potion of berserk rage {unknown}
 w - 5 potions of heal wounds
 B - 3 potions of brilliance {unknown}


   Skills:
 + Level 9.6 Fighting
 + Level 13.8 Axes
 + Level 11.3 Armour
 - Level 2.1 Dodging
 + Level 5.9 Shields
 * Level 4.8 Evocations


You had 10 spell levels left.
You didn't know any spells.
Your spell library was empty.

Dungeon Overview and Level Annotations

Branches:
Dungeon (10/15) Zot: 26883  Temple (0/1) D:7            Lair (0/5) D:9
    Orc (0/2) D:9

Altars:
Okawaru
Qazlal
Wu Jian
Xom
Zin
The Shining One

Shops:
D:7 *

Annotations:
D:5 1 runed translucent door, Crazy Yiuf


Innate Abilities, Weirdness & Mutations

You have a pair of horns on your head.
You reflexively headbutt those who attack you in melee.


Message History

You kill the wyvern!
Trog accepts your kill.
Found 27 gold pieces.
Your +0 spectral war axe disappears.
The acid dragon misses you. The acid dragon claws you.
You see here a wyvern corpse.
You slice the acid dragon!!
The acid dragon is severely wounded.
The acid dragon spits acid at you. The splash of acid hits you!
* * * LOW HITPOINT WARNING * * *
The acid corrodes you! You block the acid dragon's attack.
The acid dragon barely misses you.
You hear a shout!
You hear a howl!
You barely miss the acid dragon.
The acid dragon is severely wounded.
The acid dragon closely misses you. The acid dragon barely misses you.
You closely miss the acid dragon.
The acid dragon is severely wounded.
The acid dragon bites you but does no damage.
The acid dragon claws you but does no damage.
You slash the acid dragon!
You kill the acid dragon!
Trog accepts your kill.
The acid dragon scales are intact enough to wear.
You slash the yak! You headbutt the yak.
The yak is moderately wounded.
The yak gores you.
* * * LOW HITPOINT WARNING * * *
A cyclops comes into view.
You hit the yak but do no damage. Your headbutt misses the yak.
The yak is moderately wounded.
The yak gores you!
* * * LOW HITPOINT WARNING * * *
The yak gores you!
* * * LOW HITPOINT WARNING * * *
You hit the yak but do no damage. Your headbutt misses the yak.
The yak is moderately wounded.
The yak gores you!
You die...

##$## .?) .~$ C.. #)#
## #.# ## #....
♣.♣♣Y♣♣.♣ #.... ♣.♣@♣.♣
#.... ### ♣)†)♣ #...
#.. ♣.♣)♣.♣ #.. #..
♣.♣♣)♣♣.♣ #.# #..
####...#######.#####..
.......†...............
...#..###.#............
#...... #.#.....#+####.
#...... ..#.....#....#.


You could see a cyclops and a yak.

Vanquished Creatures
  A two-headed ogre (D:10)
  A boulder beetle (D:10)
  2 gargoyles (D:10)
  Maggie (D:6)
  An unseen horror (D:9)
  2 komodo dragons (D:10)
  An unseen horror zombie (D:9)
  A kobold demonologist (D:8)
  A troll (D:9)
  A hornet (D:10)
  Prince Ribbit (D:8)
  Grinder (D:4)
  Sigmund (D:6)
  A shadow (D:10)
  2 wraiths
  3 yaks (D:9)
  2 wyverns (D:10)
  Eustachio (D:5)
  Edmund (D:4)
  Menkaure (D:6)
  A steam dragon (D:10)
  An acid dragon (D:10)
  A water moccasin (D:5)
  5 orc warriors
  A black bear (D:7)
  3 ogres
  A centaur (D:4)
  2 kobold brigands
  3 phantoms
  3 bullfrogs
  7 scorpions
  A gnoll sergeant (D:10)
  16 wights
  10 killer bees (D:9)
  A howler monkey (D:9)
  5 centaur zombies (D:9)
  5 hounds
  A jelly (D:6)
  3 orc priests
  A gnoll bouda (D:5)
  A sleepcap (D:6)
  8 orc wizards
  Natasha (thrice) (D:2)
  4 iguanas
  9 gnolls
  2 howler monkey zombies (D:9)
  3 adders
  3 shadow imps
  5 white imps
  An ufetubus (D:4)
  2 worms
  3 dart slugs (D:3)
  18 orcs
  7 ball pythons
  7 bats
  6 endoplasms
  5 giant cockroaches
  4 goblins
  6 hobgoblins
  4 quokkas
  4 frilled lizards (D:1)
  4 hobgoblin zombies (D:8)
  19 kobolds
  2 kobold skeletons (D:8)
  An orc skeleton (D:8)
  3 orc zombies (D:8)
  4 rats
235 creatures vanquished.

Vanquished Creatures (others)
  6 fungi
  6 plants
  A spectral weapon (D:10)
  A withered plant (D:9)
14 creatures vanquished.

Grand Total: 249 creatures vanquished

Notes
Turn   | Place    | Note
-------+----------+-------------------------------------------
     0 | D:1      | Dirian the Minotaur Berserker began the quest for the Orb.
     0 | D:1      | Reached XP level 1. HP: 19/19 MP: 0/0
   282 | D:1      | Reached XP level 2. HP: 27/27 MP: 1/1
   347 | D:1      | Reached skill level 4 in Axes
   677 | D:2      | Noticed Natasha
   681 | D:2      | Killed Natasha
   682 | D:2      | Reached XP level 3. HP: 33/34 MP: 2/2
   832 | D:2      | Noticed Natasha
   840 | D:2      | Killed Natasha
   841 | D:2      | Reached XP level 4. HP: 38/41 MP: 3/3
   876 | D:2      | Noticed Natasha
   880 | D:2      | Killed Natasha
   880 | D:2      | Reached ** piety under Trog
   896 | D:2      | Reached skill level 5 in Axes
   989 | D:2      | Found a faded altar of an unknown god.
  1604 | D:3      | Reached XP level 5. HP: 47/47 MP: 4/4
  1608 | D:3      | Reached skill level 5 in Fighting
  1855 | D:3      | Found a stormy altar of Qazlal.
  2047 | D:3      | Found an iron altar of Okawaru.
  2047 | D:3      | Found an ornate altar of the Wu Jian Council.
  2186 | D:4      | Noticed Edmund
  2198 | D:4      | Killed Edmund
  2199 | D:4      | Reached skill level 6 in Axes
  2199 | D:4      | Reached skill level 1 in Shields
  2199 | D:4      | Reached XP level 6. HP: 56/56 MP: 5/5
  2451 | D:4      | Reached skill level 5 in Armour
  2465 | D:4      | Reached *** piety under Trog
  2535 | D:4      | Found a shimmering altar of Xom.
  2582 | D:4      | Noticed Grinder
  2600 | D:4      | Paralysed by Grinder for 3 turns
  2611 | D:4      | Killed Grinder
  2612 | D:4      | Reached XP level 7. HP: 56/61 MP: 6/6
  2850 | D:5      | Entered Level 5 of the Dungeon
  2860 | D:5      | Reached skill level 7 in Axes
  3197 | D:5      | Reached XP level 8. HP: 66/70 MP: 7/7
  3354 | D:5      | Reached skill level 8 in Axes
  3423 | D:5      | Noticed Eustachio
  3440 | D:5      | Killed Eustachio
  3950 | D:5      | Found a runed translucent door.
  3951 | D:5      | Noticed Crazy Yiuf
  4090 | D:6      | Reached skill level 9 in Axes
  4254 | D:6      | Noticed Menkaure
  4259 | D:6      | Killed Menkaure
  4260 | D:6      | Reached XP level 9. HP: 64/78 MP: 8/8
  4296 | D:6      | Reached **** piety under Trog
  4350 | D:6      | Noticed Maggie
  4358 | D:6      | Killed Maggie
  4391 | D:6      | Reached skill level 10 in Axes
  4427 | D:6      | Noticed Sigmund
  4434 | D:6      | Killed Sigmund
  4860 | D:7      | Found a staircase to the Ecumenical Temple.
  5224 | D:7      | Found Birotor's Assorted Antiques.
  5395 | D:7      | Reached skill level 1 in Evocations
  5785 | D:7      | Bought a broad axe for 124 gold pieces
  6039 | D:8      | Reached skill level 11 in Axes
  6039 | D:8      | Reached skill level 10 in Armour
  6097 | D:8      | Identified the +4 scale mail of Insurance {Harm rPois Str-4
                  | Dex+4}
  6204 | D:8      | Found a glowing golden altar of the Shining One.
  6214 | D:8      | Noticed Prince Ribbit
  6226 | D:8      | Killed Prince Ribbit
  6227 | D:8      | Reached skill level 5 in Shields
  6227 | D:8      | Reached XP level 10. HP: 47/88 MP: 9/9
  6450 | D:8      | Found a glowing silver altar of Zin.
  7045 | D:9      | Reached ***** piety under Trog
  7146 | D:9      | Reached skill level 12 in Axes
  7194 | D:9      | Found a staircase to the Lair.
  7691 | D:9      | Found a staircase to the Orcish Mines.
  7862 | D:10     | Entered Level 10 of the Dungeon
  7927 | D:10     | Noticed a two-headed ogre
  7928 | D:10     | Noticed a boulder beetle
  7934 | D:10     | Killed a two-headed ogre
  7935 | D:10     | Reached skill level 13 in Axes
  7935 | D:10     | Reached XP level 11. HP: 89/97 MP: 10/10
  7959 | D:10     | Killed a boulder beetle
  7981 | D:10     | HP: 1/97 [yak (8)]
  7982 | D:10     | Slain by a yak

Illustrated notes

Levels and vault maps discovered:
D:1:      minmay_arrival_pointy, layout_basic
D:2:      layout_loops_ring, shapermc_ecumenical_altar_rom_forum,
          hangedman_feature_mirror, minmay_misc_feat_roman,
          kennysheep_generic_room_13, uniq_natasha
D:3:      layout_loops_cross, jmf_multi_god_temple, old_standard_altar
D:4:      layout_rooms, mainiacjoe_overflow_catwalk, minmay_quadrilaterals,
          uniq_edmund, uniq_grinder
D:5:      minmay_bubble_buster, layout_rooms, uniq_crazy_yiuf_cottage,
          uniq_eustachio
D:6:      layout_rooms, uniq_sigmund, uniq_menkaure, uniq_maggie
D:7:      layout_layer_cave, minmay_temple_entry_ruins, serial_shops,
          nicolae_shop_crystal
D:8:      layout_loops_corners, zin_scriptorium, nicolae_tso_besieged_by_evil,
          uniq_prince_ribbit1
D:9:      layout_gridville, dpeg_oklobed_lair, serial_undead, serial_undead_a,
          serial_undead_d, serial_undead_e, serial_undead_c, serial_undead_a
D:10:     nzn_winding_woodlands_small [nzn_winding_woodlands_5x15_zeroes,
          nzn_winding_woodlands_center_pierced_h,
          nzn_winding_woodlands_5x15_split_checker], layout_stronghold,
          uniq_harold, uniq_lodul

Skill      XL: |  1  2  3  4  5  6  7  8  9 10 |
---------------+-------------------------------+-----
Fighting       | 4 5 6 7 9 |  9.6
Axes           | 4 5 6 7 9 11 13 | 13.8
Armour         | 3 4 6 7 8 10 11 | 11.3
Shields        | 1 2 3 4 5 |  5.9
Evocations     | 2 4 |  4.8
Dodging        | |  2.1

Action                     |  1- 3 |  4- 6 |  7- 9 | 10-12 || total
---------------------------+-------+-------+-------+-------++-------
  Melee: Hand axe          |    38 |   172 |    95 |       ||   305
         Headbutt          |     7 |    24 |    56 |    22 ||   109
         Punch             |       |       |     3 |     4 ||     7
         War axe           |       |       |   186 |   148 ||   334
 Invoke: Berserk           |       |     2 |     1 |     1 ||     4
         Trog's Hand       |       |       |     1 |     1 ||     2
    Use: Scroll            |       |       |    17 |       ||    17
   Stab: Distracted        |       |       |     1 |     1 ||     2
 Armour: Leather armour    |     7 |       |       |       ||     7
         Animal skin       |     3 |       |       |       ||     3
         Ring mail         |     4 |    17 |       |       ||    21
         Scale mail        |       |    49 |   105 |    86 ||   240
  Dodge: Dodged            |    23 |    89 |    96 |    64 ||   272
  Block: Other             |     5 |    41 |    49 |    33 ||   128
         Reflection        |       |     2 |     1 |       ||     3
